[ PARTIDA AOE2 · #482198641 ]
1v1 RMWei vs Goths
Equipo del jugador · DERR
Equipo rival · VICT
[ ANÁLISIS DE REPETICIÓN · EXTRAÍDO DE LA PARTIDA GRABADA ]
Feudal
12:15
Castillos
15:47
Imperial
32:45
| APM promedio | 14.4 |
| APM pico | 64 |
| eAPM promedio | 12.1 |
| Aldeanos / militares | 141 / 0 |
Foco
⚔️ 16.4% · 🌾 83.6%
Unknown (1952) ×14 · Unknown (1949) ×11 · Unknown (1942) ×4
Feudal
12:32
Castillos
17:08
Imperial
31:31
| APM promedio | 25.9 |
| APM pico | 66 |
| eAPM promedio | 20.2 |
| Aldeanos / militares | 122 / 99 |
Foco
⚔️ 31.9% · 🌾 68.1%
Spearman ×74 · Huskarl ×15 · Monk ×7 · Trebuchet (Packed) ×3
Mapa de la partida
Recursos al inicio + cada clic de construcción. Línea gruesa = muro · recuadro discontinuo = muro de casas detectado. 🟡 oro · ⚪ piedra · 🟢 bayas · 🔶 jabalí · ⭕ reliquia
Tu base· Abierta — flanco sin cerrar
Base de Funebrero100x100· Abierta — flanco sin cerrar
Terreno con relieve · ⚠ = hueco de muro detectado · pasá el cursor para detalles
Inputs por minuto
— sniperpriest - - Funebrero100x100
Build order — sniperpriest
Primeras 150 de 228 acciones detectadas
| 0:01 | Crear | Villager (Male) |
| 0:01 | Crear | Villager (Male) |
| 0:03 | Construir | House |
| 0:06 | Construir | House |
| 0:07 | Crear | Villager (Male) |
| 0:07 | Crear | Villager (Male) |
| 1:24 | Crear | Villager (Male) |
| 1:51 | Construir | Lumber Camp |
| 1:54 | Crear | Villager (Male) |
| 1:54 | Crear | Villager (Male) |
| 2:20 | Construir | House |
| 2:34 | Crear | Villager (Male) |
| 2:34 | Crear | Villager (Male) |
| 2:58 | Crear | Villager (Male) |
| 3:01 | Crear | Villager (Male) |
| 3:46 | Crear | Villager (Male) |
| 3:46 | Crear | Villager (Male) |
| 4:09 | Crear | Villager (Male) |
| 4:09 | Crear | Villager (Male) |
| 4:09 | Crear | Villager (Male) |
| 4:16 | Construir | Mill |
| 5:05 | Crear | Villager (Male) |
| 5:05 | Crear | Villager (Male) |
| 5:06 | Crear | Villager (Male) |
| 5:06 | Crear | Villager (Male) |
| 5:12 | Construir | House |
| 6:03 | Crear | Villager (Male) |
| 6:28 | Crear | Villager (Male) |
| 6:28 | Crear | Villager (Male) |
| 6:29 | Crear | Villager (Male) |
| 6:30 | Crear | Villager (Male) |
| 6:30 | Crear | Villager (Male) |
| 6:31 | Crear | Villager (Male) |
| 6:31 | Crear | Villager (Male) |
| 6:31 | Crear | Villager (Male) |
| 6:42 | Construir | Mill |
| 7:19 | Construir | House |
| 7:31 | Crear | Villager (Male) |
| 9:20 | Construir | Mining Camp |
| 9:25 | Investigar | Feudal Age |
| 9:41 | Crear | Villager (Male) |
| 9:41 | Crear | Villager (Male) |
| 10:08 | Construir | House |
| 10:17 | Construir | House |
| 10:19 | Construir | House |
| 10:19 | Construir | House |
| 10:21 | Construir | House |
| 10:22 | Construir | House |
| 10:46 | Construir | Farm |
| 12:15 | Edad | Edad Feudal |
| 12:17 | Construir | Market |
| 12:21 | Construir | Blacksmith |
| 12:28 | Construir | House |
| 12:28 | Construir | House |
| 13:07 | Investigar | Castle Age |
| 13:07 | Investigar | Castle Age |
| 13:25 | Investigar | Double-Bit Axe |
| 13:27 | Investigar | Horse Collar |
| 13:37 | Construir | Farm |
| 13:37 | Construir | Farm |
| 13:41 | Construir | Farm |
| 13:41 | Construir | Farm |
| 14:13 | Construir | Farm |
| 14:13 | Construir | Farm |
| 14:20 | Construir | Farm |
| 14:20 | Construir | Farm |
| 14:24 | Construir | Farm |
| 14:30 | Construir | Farm |
| 14:31 | Construir | Farm |
| 14:31 | Construir | Farm |
| 14:39 | Construir | House |
| 14:42 | Construir | House |
| 15:00 | Investigar | Gold Mining |
| 15:19 | Construir | House |
| 15:22 | Construir | House |
| 15:42 | Crear | Villager (Male) |
| 15:43 | Crear | Villager (Male) |
| 15:47 | Edad | Edad de los Castillos |
| 15:55 | Crear | Villager (Male) |
| 15:59 | Investigar | Bow Saw |
| 16:26 | Crear | Villager (Male) |
| 16:52 | Construir | House |
| 16:53 | Construir | House |
| 16:55 | Construir | House |
| 17:06 | Construir | Town Center |
| 17:36 | Crear | Villager (Male) ×5 |
| 17:52 | Construir | Town Center |
| 18:04 | Construir | House |
| 18:06 | Construir | House |
| 18:28 | Crear | Villager (Male) |
| 18:28 | Crear | Villager (Male) |
| 18:40 | Crear | Villager (Male) |
| 18:41 | Crear | Villager (Male) |
| 18:51 | Crear | Villager (Male) |
| 19:02 | Crear | Villager (Male) ×5 |
| 19:05 | Investigar | Loom |
| 19:12 | Construir | House |
| 19:14 | Construir | House |
| 19:15 | Construir | House |
| 19:16 | Construir | House |
| 19:17 | Construir | House |
| 19:18 | Construir | House |
| 19:26 | Construir | Monastery |
| 19:40 | Construir | House |
| 19:42 | Construir | House |
| 19:43 | Construir | House |
| 19:57 | Crear | Villager (Male) ×5 |
| 20:12 | Investigar | Loom |
| 20:25 | Construir | Barracks |
| 21:05 | Crear | Villager (Male) ×5 |
| 21:13 | Construir | Farm |
| 21:13 | Construir | Farm |
| 21:13 | Construir | Farm |
| 21:14 | Construir | Farm |
| 21:14 | Construir | Farm |
| 21:14 | Construir | Farm |
| 21:14 | Construir | Farm |
| 21:15 | Construir | Farm |
| 21:15 | Construir | Farm |
| 21:35 | Construir | Castle |
| 21:42 | Construir | Mining Camp |
| 21:51 | Construir | House |
| 21:52 | Construir | House |
| 21:53 | Construir | House |
| 21:54 | Construir | House |
| 22:10 | Investigar | Forging |
| 22:11 | Investigar | Scale Barding Armor |
| 22:37 | Investigar | Stone Mining |
| 22:54 | Crear | Unit 1949 |
| 23:09 | Crear | Villager (Male) ×3 |
| 23:13 | Crear | Villager (Male) |
| 23:13 | Crear | Villager (Male) |
| 23:16 | Crear | Villager (Male) |
| 23:17 | Crear | Villager (Male) |
| 24:01 | Crear | Villager (Male) ×5 |
| 24:09 | Construir | Mill |
| 24:15 | Crear | Villager (Male) |
| 24:22 | Construir | Farm |
| 24:22 | Construir | Farm |
| 24:22 | Construir | Farm |
| 24:23 | Construir | Farm |
| 24:23 | Construir | Farm |
| 24:32 | Construir | Farm |
| 24:32 | Construir | Farm |
| 24:32 | Construir | Farm |
| 24:35 | Crear | Villager (Male) ×3 |
| 24:48 | Crear | Unit 1949 |
| 24:55 | Crear | Villager (Male) |
| 25:00 | Construir | Farm |
| 25:05 | Construir | Farm |
Build order — Funebrero100x100
Primeras 150 de 331 acciones detectadas
| 0:04 | Construir | House |
| 0:06 | Construir | House |
| 0:06 | Crear | Villager (Male) |
| 0:06 | Crear | Villager (Male) |
| 0:06 | Crear | Villager (Male) |
| 0:07 | Crear | Villager (Male) |
| 0:07 | Crear | Villager (Male) |
| 0:08 | Investigar | Loom |
| 1:33 | Crear | Villager (Male) |
| 1:55 | Construir | Lumber Camp |
| 2:00 | Crear | Villager (Male) |
| 2:33 | Crear | Villager (Male) |
| 2:34 | Crear | Villager (Male) |
| 3:03 | Crear | Villager (Male) |
| 3:03 | Crear | Villager (Male) |
| 3:35 | Crear | Villager (Male) |
| 3:35 | Crear | Villager (Male) |
| 3:55 | Crear | Villager (Male) |
| 3:55 | Crear | Villager (Male) |
| 4:09 | Construir | House |
| 4:10 | Construir | House |
| 4:30 | Crear | Villager (Male) |
| 4:30 | Crear | Villager (Male) |
| 4:30 | Crear | Villager (Male) |
| 4:31 | Crear | Villager (Male) |
| 4:54 | Crear | Villager (Male) |
| 4:54 | Crear | Villager (Male) |
| 4:54 | Crear | Villager (Male) |
| 5:02 | Construir | Mill |
| 5:22 | Crear | Villager (Male) |
| 5:22 | Crear | Villager (Male) |
| 5:22 | Crear | Villager (Male) |
| 5:49 | Crear | Villager (Male) |
| 5:49 | Crear | Villager (Male) |
| 6:23 | Crear | Villager (Male) |
| 6:23 | Crear | Villager (Male) |
| 6:48 | Crear | Villager (Male) |
| 6:48 | Crear | Villager (Male) |
| 6:48 | Crear | Villager (Male) |
| 7:02 | Crear | Villager (Male) |
| 7:03 | Crear | Villager (Male) |
| 7:21 | Crear | Villager (Male) |
| 7:21 | Crear | Villager (Male) |
| 7:29 | Crear | Villager (Male) |
| 7:29 | Crear | Villager (Male) |
| 7:52 | Crear | Villager (Male) |
| 7:52 | Crear | Villager (Male) |
| 8:18 | Construir | House |
| 8:19 | Construir | House |
| 8:31 | Crear | Villager (Male) |
| 8:31 | Crear | Villager (Male) |
| 8:31 | Crear | Villager (Male) |
| 8:45 | Construir | Mining Camp |
| 9:12 | Construir | Mining Camp |
| 10:22 | Investigar | Feudal Age |
| 10:53 | Crear | Villager (Male) |
| 10:53 | Crear | Villager (Male) |
| 11:11 | Construir | Barracks |
| 11:14 | Construir | House |
| 11:41 | Construir | Mill |
| 12:32 | Edad | Edad Feudal |
| 12:42 | Construir | Market |
| 12:58 | Construir | Blacksmith |
| 13:22 | Construir | Farm |
| 13:22 | Construir | Farm |
| 13:22 | Construir | Farm |
| 13:23 | Construir | Farm |
| 13:23 | Construir | Farm |
| 13:23 | Construir | Farm |
| 13:23 | Construir | Farm |
| 13:24 | Construir | Farm |
| 13:24 | Construir | Farm |
| 14:28 | Investigar | Castle Age |
| 15:02 | Investigar | Stone Mining |
| 15:32 | Investigar | Fletching |
| 15:37 | Crear | Spearman |
| 15:37 | Crear | Spearman |
| 16:00 | Crear | Spearman |
| 16:00 | Crear | Spearman |
| 16:01 | Crear | Spearman |
| 16:01 | Crear | Spearman |
| 16:01 | Crear | Spearman |
| 16:24 | Investigar | Horse Collar |
| 16:56 | Investigar | Double-Bit Axe |
| 17:08 | Edad | Edad de los Castillos |
| 17:20 | Construir | Town Center |
| 17:21 | Crear | Villager (Male) |
| 17:21 | Crear | Villager (Male) |
| 17:22 | Crear | Villager (Male) |
| 17:22 | Crear | Villager (Male) |
| 17:22 | Crear | Villager (Male) |
| 17:51 | Construir | Castle |
| 18:13 | Crear | Villager (Male) |
| 18:13 | Crear | Villager (Male) |
| 18:13 | Crear | Villager (Male) |
| 18:14 | Crear | Villager (Male) |
| 18:23 | Crear | Villager (Male) |
| 18:23 | Crear | Villager (Male) |
| 18:23 | Crear | Villager (Male) |
| 19:05 | Crear | Villager (Male) |
| 19:05 | Crear | Villager (Male) |
| 19:05 | Crear | Villager (Male) |
| 19:06 | Crear | Villager (Male) |
| 19:06 | Crear | Villager (Male) |
| 19:47 | Construir | Monastery |
| 19:53 | Crear | Huskarl |
| 19:53 | Crear | Huskarl |
| 19:54 | Crear | Huskarl |
| 19:54 | Crear | Huskarl |
| 19:54 | Crear | Huskarl |
| 20:42 | Construir | House |
| 20:43 | Construir | House |
| 20:46 | Crear | Villager (Male) |
| 20:46 | Crear | Villager (Male) |
| 20:46 | Crear | Villager (Male) |
| 20:47 | Crear | Villager (Male) |
| 20:47 | Crear | Villager (Male) |
| 20:48 | Crear | Villager (Male) |
| 20:48 | Crear | Villager (Male) |
| 20:54 | Crear | Monk |
| 20:54 | Crear | Monk |
| 20:54 | Crear | Monk |
| 21:16 | Crear | Villager (Male) |
| 21:16 | Crear | Villager (Male) |
| 21:17 | Crear | Villager (Male) |
| 21:17 | Crear | Villager (Male) |
| 21:27 | Crear | Monk |
| 21:48 | Construir | Farm |
| 21:49 | Construir | Farm |
| 21:49 | Construir | Farm |
| 21:49 | Construir | Farm |
| 21:51 | Construir | Farm |
| 22:16 | Crear | Villager (Male) |
| 22:16 | Crear | Villager (Male) |
| 22:16 | Crear | Villager (Male) |
| 22:16 | Crear | Villager (Male) |
| 22:16 | Crear | Villager (Male) |
| 22:17 | Crear | Villager (Male) |
| 22:26 | Construir | Town Center |
| 22:44 | Investigar | Fervor |
| 23:21 | Crear | Villager (Male) |
| 23:21 | Crear | Villager (Male) |
| 23:21 | Crear | Villager (Male) |
| 23:21 | Crear | Villager (Male) |
| 23:21 | Crear | Villager (Male) |
| 23:22 | Crear | Villager (Male) |
| 23:22 | Crear | Villager (Male) |
| 23:23 | Crear | Villager (Male) |
| 23:24 | Crear | Villager (Male) |
| 23:41 | Crear | Monk |
Cronología de la partida
| 11:11 | Funebrero100x100 · first_building Barracks |
| 12:15 | sniperpriest · age_up feudal |
| 12:32 | Funebrero100x100 · age_up feudal |
| 15:47 | sniperpriest · age_up castle |
| 17:08 | Funebrero100x100 · age_up castle |
| 17:51 | Funebrero100x100 · first_building Castle |
| 19:26 | sniperpriest · first_building Monastery |
| 19:47 | Funebrero100x100 · first_building Monastery |
| 20:25 | sniperpriest · first_building Barracks |
| 21:25 | sniperpriest · first_market_buy 100 stone |
| 21:35 | sniperpriest · first_building Castle |
| 24:44 | Funebrero100x100 · first_market_buy 100 wood |
| 27:18 | sniperpriest · first_building Siege Workshop |
| 29:35 | Funebrero100x100 · first_building Archery Range |
| 31:31 | Funebrero100x100 · age_up imperial |
| 32:45 | sniperpriest · age_up imperial |
| 33:03 | sniperpriest · first_building Archery Range |
| 34:12 | Funebrero100x100 · first_market_sell 100 stone |
| 36:24 | sniperpriest · resign |
[ ANÁLISIS IA · 1 CRÉDITO ]
¿Qué pasó realmente en esta partida?
Wolo.gg analiza cada decisión: build order, eco, micro, errores típicos por bracket. Análisis personalizado por WhatsApp o Discord en 30 segundos.
Guía civ
Wei
Guía mapa
Arena
Perfil
sniperpriest